 Dungeon Crawl Stone Soup version 0.30.0-3-ga4e48a9924 (webtiles) character file.

Game seed: 9718505023587127756

229 PoweredByGinger the Shield-Bearer (level 5, -1/45 HPs)
             Began as a Minotaur Fighter on May 7, 2023.
             Slain by an orc wizard
             ... wielding a +0 dagger
              (3 damage)
             ... on level 5 of the Dungeon.
             The game lasted 00:02:24 (2945 turns).

PoweredByGinger the Shield-Bearer (MiFi)            Turns: 2945, Time: 00:02:25

Health: -1/45      AC:  6    Str: 23    XL:     5   Next: 71%
Magic:  4/4        EV:  9    Int:  5    God:
Gold:   205        SH:  5    Dex:  9    Spells: 4/4 levels left

rFire   . . .        a - +0 war axe
rCold   . . .        c - +0 buckler
rNeg    . . .        b - +0 scale mail
rPois   .            (helmet restricted)
rElec   .            (no cloak)
rCorr   .            (no gloves)
SInv    .            (no boots)
Will    .....        (no amulet) Stlth
                     (no ring)
HPRegen 0.27/turn    (no ring)
MPRegen 0.09/turn

%: no passive effects
@: no status effects
A: horns 2, retaliatory headbutt
a: no special abilities


You were on level 5 of the Dungeon.
You visited 1 branch of the dungeon, and saw 5 of its levels.

You collected 205 gold pieces.

Inventory:

Hand Weapons
 a - a +0 war axe (weapon)
Missiles
 n - 2 silver boomerangs (quivered)
Armour
 b - a +0 scale mail (worn)
 c - a +0 buckler (worn)
Jewellery
 g - an amulet of guardian spirit
Scrolls
 e - a scroll of butterflies {unknown}
 i - a scroll of poison {unknown}
 j - 3 scrolls of identify {unknown}
 l - a scroll of enchant weapon {unknown}
 o - a scroll of enchant armour {unknown}
 r - a scroll of brand weapon {unknown}
 t - 2 scrolls of teleportation {unknown}
 u - a scroll of magic mapping {unknown}
Potions
 d - a potion of might
 f - a potion of flight {unknown}
 h - 3 potions of mutation {unknown}
 k - a potion of curing
 m - a potion of invisibility {unknown}
 p - a potion of degeneration {unknown}
 q - a potion of lignification {unknown}
 s - a potion of brilliance {unknown}


   Skills:
 - Level 3.6 Fighting
 + Level 5.4 Axes
 - Level 3.6 Armour
 + Level 6.1 Shields


You had 4 spell levels left.
You didn't know any spells.
Your spell library contained the following spells:

 Spells                   Type           Power      Damage    Failure   Level
 Shock                    Conj/Air       0%         1d3       83%         1
 Swiftness                Air            0%         N/A       99%         3
 Vhi's Electric Charge    Tloc/Air       0%         N/A       99%         3
 Airstrike                Air            0%         2d(0-16)  100%        4
 Arcjolt                  Conj/Air       0%         1d10      100%        5
 Maxwell's Capacitive Co  Air            0%         ∞         100%        8


Dungeon Overview and Level Annotations

Branches:
Dungeon (5/15)
 Temple: D:4-7

Altars:
Ru

Annotations:
D:4 1 runed translucent door, hikkokomori's ghost, amateur DgFi


Innate Abilities, Weirdness & Mutations

You have a pair of horns on your head.
You reflexively headbutt those who attack you in melee.


Message History

You bump into the rock wall.
Something hits you but does no damage.
You closely miss something. Your headbutt misses something.
Something hits you but does no damage.
Unknown command.
Something hits you.
You bump into the rock wall.
Something hits you.
You barely miss something. Something hits you but does no damage.
You miss something. Something hits you but does no damage.
You miss something. Your headbutt misses something.
You feel less confused. Something hits you but does no damage.
You hit something but do no damage. Something hits you.
Something hits you but does no damage.
You barely miss something.
You hear some strange, mumbled words.
You are confused.
Something hits you.
Items here: )) ††.
Something hits you. Something hits you.
Things that are here:
a +0 ring mail; a +0 flail; an orc corpse You bump into the rock wall.
Something hits you.
You bump into the rock wall.
Something hits you but does no damage.
You bump into the rock wall.
You feel less confused. Something hits you but does no damage.
You miss something. You headbutt something!
Something hits you but does no damage.
You miss something. Your headbutt misses something.
Something hits you but does no damage.
You miss something.
You hear some strange, mumbled words.
A puff of flame appears from out of thin air!
The puff of flame hits you!
* * * LOW HITPOINT WARNING * * *
Something hits you.
* * * LOW HITPOINT WARNING * * *
You barely miss something. Your headbutt misses something. Something hits you.
You die...

#.# #.## #######
####..# #.....#
.....# #.....####
#...# #.........
#..#####.....#
#...<........#
##.##{).....##
#.##@#####.#
#.##.#####.######..
#.##.##............
#.......##.#####...
####.#####.#
#.......# #########


There were no monsters in sight!

Vanquished Creatures
  Natasha (twice) (D:2)
  Terence (D:2)
  5 gnolls
  3 adders
  A worm (D:2)
  4 dart slugs
  3 orcs (D:5)
  2 ball pythons
  8 endoplasms
  4 giant cockroaches
  7 goblins
  6 hobgoblins
  3 jackals (D:1)
  4 quokkas
  3 bats
  6 frilled lizards
  2 kobolds (D:1)
  2 rats
66 creatures vanquished.

Notes
Turn   | Place    | Note
-------+----------+-------------------------------------------
     0 | D:1      | PoweredByGinger the Minotaur Fighter began the quest for
                  | the Orb.
     0 | D:1      | Reached XP level 1. HP: 19/19 MP: 0/0
   119 | D:1      | Reached skill level 4 in Shields
   119 | D:1      | Reached XP level 2. HP: 21/26 MP: 1/1
   474 | D:1      | Reached XP level 3. HP: 31/31 MP: 2/2
  1012 | D:2      | Reached skill level 5 in Shields
  1012 | D:2      | Reached XP level 4. HP: 39/39 MP: 3/3
  1026 | D:2      | Noticed Natasha
  1032 | D:2      | Killed Natasha
  1088 | D:2      | Noticed Terence
  1094 | D:2      | Killed Terence
  1240 | D:2      | Noticed Natasha
  1256 | D:2      | Killed Natasha
  1257 | D:2      | Reached XP level 5. HP: 12/45 MP: 4/4
  1423 | D:3      | Reached skill level 5 in Axes
  2080 | D:4      | Found a sacrificial altar of Ru.
  2136 | D:4      | Found a runed translucent door.
  2467 | D:4      | Reached skill level 6 in Shields
  2863 | D:4      | Noticed hikkokomori's ghost (amateur DgFi)
  2877 | D:5      | Entered Level 5 of the Dungeon
  2944 | D:5      | HP: 2/45 [something (2)]
  2945 | D:5      | Slain by an orc wizard

Illustrated notes

Levels and vault maps discovered:
D:1:      ebering_trefoil_twist, layout_loops_ring, serial_bayou_lake_a
D:2:      layout_rooms, uniq_natasha, uniq_terence
D:3:      layout_rooms
D:4:      layout_loops_corners, kennysheep_little_box,
          ebering_ghost_reflecting_pool
D:5:      layout_loops_ring, elyvilon_altar_5, guppyfry_early_orc_mine

Skill      XL: |  1  2  3  4  5 |
---------------+----------------+-----
Axes           | 3 4 5 |  5.4
Shields        | 4 5 6 |  6.1
Fighting       | |  3.6
Armour         | |  3.6

Action                     |  1- 3 |  4- 6 || total
---------------------------+-------+-------++-------
  Melee: War axe           |    74 |    70 ||   144
         Headbutt          |     6 |     7 ||    13
 Armour: Scale mail        |    22 |    34 ||    56
  Dodge: Dodged            |    34 |    36 ||    70
  Block: Buckler           |    21 |    12 ||    33
